[Event "ICC Open 2015"]
[Site "Internet Chess Club"]
[Date "2015.05.29"]
[Round "3"]
[White "garompon"]
[Black "Eros"]
[Result "0-1"]
[ICCResult "White forfeits on time"]
[WhiteElo "2557"]
[BlackElo "3045"]
[Opening "Four knights: Scotch, 4...exd4"]
[ECO "C47"]
[NIC "SO.03"]
[Time "19:35:40"]
[TimeControl "180+0"]

1. e4 e5 2. Nf3 Nc6 3. Nc3 Nf6 4. d4 exd4 5. Nxd4 Bb4 6. Nxc6 bxc6 7. Bd3 d5
8. exd5 O-O 9. O-O cxd5 10. Bg5 c6 11. Na4 Re8 12. c3 Bd6 13. Re1 Be6 14.
Bc2 h6 15. Bh4 c5 16. Qd3 Rb8 17. h3 g5 18. Bg3 Qc7 19. Bxd6 Qxd6 20. b3 Bd7
21. Nb2 Kg7 22. c4 d4 23. Qd2 Bc6 24. Rxe8 Rxe8 25. Re1 Qf4 26. Qd1 Rxe1+
27. Qxe1 g4 28. Nd3 Qg5 29. Qe5 gxh3 30. Qxg5+ hxg5 31. gxh3 Be4 32. Kf1
Bxd3+ 33. Bxd3 Nh5 34. a3 a5 35. Bf5 Kf6 36. Bd7 Ke7 37. Bf5 Kf6 38. Bd7 Nf4
39. Ke1 Ke5 40. Kd2 f5 41. b4 axb4 42. axb4 cxb4 43. c5 Nxh3 44. c6 Kd6 45.
Bxf5 Nxf2 46. Ke2 Nh1 47. Kd3 Ng3 48. Bg6 Kxc6 49. Kxd4 Kb5 50. Ke5 Ne2 51.
Kf6 Kc4 52. Kxg5 Kc3 53. Bf7 Nd4 54. Kf4 Nc2 55. Ke4 Na1 56. Bg8 Nc2 57. Bf7
Nd4 58. Ke5 Nb3 59. Bg8 Nd2 60. Bf7 Nc4+ 61. Bxc4 Kxc4 62. Ke4 b3 63. Ke3 b2
64. Kd2 b1=Q 65. Ke3 Qb3+ 66. Kf4 Qb4 67. Ke5 Qc5+ 68. Ke4 Kb5 69. Kf3 Qb4
70. Ke2 Ka5 71. Kd3 Qa4 72. Kc3 Kb5 73. Kd2 Qb4+ 74. Ke3 Qa3+ 75. Kf2 Kc5
76. Ke2 Qb3 77. Kd2 Qa3 78. Ke2 Qb4 {White forfeits on time} 0-1

[Event "ICC Open 2015"]
[Site "Internet Chess Club"]
[Date "2015.05.29"]
[Round "3"]
[White "Rotchopf"]
[Black "ShayCormac"]
[Result "0-1"]
[ICCResult "White forfeits on time"]
[WhiteElo "1882"]
[BlackElo "2441"]
[Opening "Sicilian defense"]
[ECO "B40"]
[NIC "SI.43"]
[Time "19:35:54"]
[TimeControl "180+0"]

1. e4 c5 2. Nf3 e6 3. c3 Nf6 4. e5 Nd5 5. Bc4 Nb6 6. Bb3 c4 7. Bc2 Nc6 8. d4
cxd3 9. Qxd3 Qc7 10. Bf4 g5 11. Bg3 g4 12. Ng5 Nxe5 13. Qe4 Bg7 14. Nxh7 f5
15. Qf4 Rxh7 16. Qg5 Kf7 17. O-O d6 18. Qd2 Nbc4 19. Qe2 Bd7 20. b3 Nb6 21.
f4 gxf3 22. gxf3 Rg8 23. f4 Ng4 24. Rd1 Bxc3 25. Nxc3 Qxc3 26. Rac1 Qc5+ 27.
Kf1 Ne3+ 28. Ke1 Rxg3 29. hxg3 Rh1+ 30. Kd2 Nbc4+ 31. bxc4 Nxc4+ 32. Qxc4
Rh2+ 33. Qe2 Rxe2+ 34. Kxe2 Bb5+ 35. Kd2 Qf2+ 36. Kc3 Qxg3+ 37. Bd3 Qxf4 38.
Bxb5 Qe3+ 39. Bd3 Qb6 40. Rc2 Kf6 41. Kd2 Qa5+ 42. Ke2 Qe5+ 43. Kd2 Qf4+ 44.
Kc3 e5 45. Rdd2 Qd4+ 46. Kb3 Qb6+ 47. Kc3 e4 48. Bc4 Qc5 49. Rd5 Qe3+ 50.
Kb4 f4 51. Rxd6+ Kg5 52. Rcd2 Kg4 53. R6d5 Kf3 54. R2d3 exd3 55. Rxd3 Qxd3
56. Bxd3 Ke3 57. Bc4 b6 58. Bf1 a5+ 59. Kb5 f3 60. Kxb6 Kf2 61. Bc4 a4 62.
Bb5 Ke1 63. Bxa4 f2 64. Bb3 f1=Q 65. Ka5 Qf2 {White forfeits on time} 0-1

[Event "ICC Open 2015"]
[Site "Internet Chess Club"]
[Date "2015.05.29"]
[Round "4"]
[White "Steingrim89"]
[Black "ErnestoRondon"]
[Result "0-1"]
[ICCResult "White resigns"]
[WhiteElo "1613"]
[BlackElo "1860"]
[Opening "Old Benoni defense"]
[ECO "A43"]
[NIC "OI.09"]
[Time "19:48:54"]
[TimeControl "180+0"]

1. d4 c5 2. Nf3 cxd4 3. c3 dxc3 4. Nxc3 e6 5. e4 a6 6. Bc4 Nc6 7. Bf4 d6 8.
O-O Qc7 9. Bb3 Nf6 10. Re1 Be7 11. Rc1 O-O 12. e5 dxe5 13. Nxe5 Nxe5 14.
Bxe5 Qa5 15. Qg4 Nxg4 {White resigns} 0-1

[Event "ICC Open 2015"]
[Site "Internet Chess Club"]
[Date "2015.05.29"]
[Round "4"]
[White "Schack"]
[Black "Rotchopf"]
[Result "0-1"]
[ICCResult "White resigns"]
[WhiteElo "1631"]
[BlackElo "1888"]
[Opening "Old Indian defense"]
[ECO "A53"]
[NIC "OI.04"]
[Time "19:49:32"]
[TimeControl "180+0"]

1. d4 d6 2. c4 Nf6 3. Nc3 Nc6 4. Nf3 Bg4 5. e3 e5 6. d5 Ne7 7. e4 Ng6 8. h3
Bd7 9. Bd3 h6 10. O-O Qc8 11. b4 Bxh3 12. gxh3 Qxh3 13. Nh2 Nh4 {White
resigns} 0-1

[Event "ICC Open 2015"]
[Site "Internet Chess Club"]
[Date "2015.05.29"]
[Round "4"]
[White "seriosha"]
[Black "Psycho-Cowboy"]
[Result "0-1"]
[ICCResult "White checkmated"]
[WhiteElo "2095"]
[BlackElo "2402"]
[Opening "French: King's Indian attack"]
[ECO "C00"]
[NIC "FR.02"]
[Time "19:48:22"]
[TimeControl "180+0"]

1. e4 e6 2. d3 c5 3. Nf3 Nc6 4. g3 g6 5. d4 d5 6. exd5 exd5 7. Bg2 cxd4 8.
Nxd4 Bg7 9. Nxc6 bxc6 10. O-O Ne7 11. Re1 O-O 12. c4 Be6 13. cxd5 cxd5 14.
Nc3 Rb8 15. Bg5 Rxb2 16. Bxe7 Qxe7 17. Nxd5 Qc5 18. Rc1 Qxf2+ 19. Kh1 Qxg2#
{White checkmated}
0-1

[Event "ICC Open 2015"]
[Site "Internet Chess Club"]
[Date "2015.05.29"]
[Round "4"]
[White "Chisel"]
[Black "pvchandu"]
[Result "1-0"]
[ICCResult "Black resigns"]
[WhiteElo "1739"]
[BlackElo "1438"]
[Opening "Scandinavian defense"]
[ECO "B01"]
[NIC "SD.03"]
[Time "19:49:06"]
[TimeControl "180+0"]

1. e4 d5 2. exd5 Nf6 3. Nf3 Nxd5 4. Be2 b6 5. O-O Bb7 6. c3 Nf4 7. d4 Nxe2+
8. Qxe2 e6 9. Re1 Bd6 10. Bg5 Qd7 11. Nbd2 O-O 12. Ne4 Bf4 13. Bxf4 Nc6 14.
Nfg5 h6 15. Nf3 a5 16. Bxh6 gxh6 17. Nf6+ Kg7 18. Nxd7 {Black resigns} 1-0

[Event "ICC Open 2015"]
[Site "Internet Chess Club"]
[Date "2015.05.29"]
[Round "4"]
[White "VerdeNotte"]
[Black "MichaelBluth"]
[Result "1-0"]
[ICCResult "Black resigns"]
[WhiteElo "2934"]
[BlackElo "2317"]
[Opening "Scandinavian (center counter) defense"]
[ECO "B01"]
[NIC "SD.01"]
[Time "19:48:27"]
[TimeControl "180+0"]

1. e4 d5 2. exd5 Qxd5 3. Nc3 Qa5 4. d4 c6 5. Bd2 Nf6 6. Bc4 Bf5 7. Qe2 e6 8.
Nf3 Bb4 9. a3 Nbd7 10. O-O Bxc3 11. Bxc3 Qc7 12. Ne5 Nxe5 13. dxe5 Nd5 14.
Bxd5 cxd5 15. Bb4 Qxc2 16. Qe3 Qd3 17. Qc5 Kd7 18. Qd6+ {Black resigns} 1-0

[Event "ICC Open 2015"]
[Site "Internet Chess Club"]
[Date "2015.05.29"]
[Round "4"]
[White "RobbieWilliams"]
[Black "MadMad"]
[Result "1-0"]
[ICCResult "Black resigns"]
[WhiteElo "1724"]
[BlackElo "1286"]
[Opening "Queen's pawn game"]
[ECO "A45"]
[NIC "QP.07"]
[Time "19:48:47"]
[TimeControl "180+0"]

1. d4 Nf6 2. e3 g6 3. Nc3 Bg7 4. e4 d6 5. f3 O-O 6. Be3 Nbd7 7. Qd2 c5 8.
Nge2 cxd4 9. Nxd4 Nc5 10. O-O-O Qa5 11. Kb1 Rb8 12. g4 a6 13. h4 b5 14. Nb3
Nxb3 15. axb3 Bb7 16. Bh6 Rbc8 17. Bxg7 Kxg7 18. h5 Rh8 19. h6+ Kg8 20. g5
Nh5 21. Qd4 f6 22. Bh3 Rc7 23. Be6+ Kf8 24. Rxh5 gxh5 25. gxf6 Rc5 26. fxe7+
Kxe7 {Black resigns} 1-0

[Event "ICC Open 2015"]
[Site "Internet Chess Club"]
[Date "2015.05.29"]
[Round "4"]
[White "Dlugy"]
[Black "LittlePeasant"]
[Result "1-0"]
[ICCResult "Black resigns"]
[WhiteElo "3031"]
[BlackElo "2796"]
[Opening "Queen's pawn game, Darooha variation "]
[ECO "D11"]
[NIC "QP.06"]
[Time "19:48:23"]
[TimeControl "180+0"]

1. d4 Nf6 2. Nf3 d5 3. c4 c6 4. Qc2 dxc4 5. Qxc4 Bf5 6. g3 e6 7. Bg2 Be7 8.
O-O O-O 9. Rd1 Nbd7 10. e3 Rc8 11. Qe2 Qa5 12. Nbd2 Ne4 13. Nb3 Qc7 14. Nfd2
Nxd2 15. Bxd2 Bg6 16. Rac1 Qb8 17. e4 c5 18. Bf4 Qa8 19. d5 exd5 20. exd5
Rfe8 21. Qb5 Bf5 22. d6 Bf8 23. Qxb7 Qxb7 24. Bxb7 Rb8 25. Bc6 h6 26. Nxc5
Nxc5 27. Bxe8 Nd3 28. d7 Rd8 29. Rxd3 Bxd3 30. Bc7 {Black resigns} 1-0

[Event "ICC Open 2015"]
[Site "Internet Chess Club"]
[Date "2015.05.29"]
[Round "4"]
[White "PajoPatak"]
[Black "nikenwidiartto"]
[Result "0-1"]
[ICCResult "White checkmated"]
[WhiteElo "1538"]
[BlackElo "1842"]
[Opening "Scandinavian defense"]
[ECO "B01"]
[NIC "SD.03"]
[Time "19:49:08"]
[TimeControl "180+0"]

1. e4 d5 2. exd5 Nf6 3. d4 Bg4 4. f3 Bf5 5. c4 e6 6. dxe6 Nc6 7. exf7+ Kxf7
8. d5 Bb4+ 9. Bd2 Re8+ 10. Ne2 Ne5 11. Bxb4 Nd3+ 12. Kd2 Nxb4 13. Nd4 Qe7
14. Kc3 Nbxd5+ 15. cxd5 Nxd5+ 16. Kc4 Qb4+ 17. Kxd5 Rad8# {White checkmated}
0-1

[Event "ICC Open 2015"]
[Site "Internet Chess Club"]
[Date "2015.05.29"]
[Round "4"]
[White "noyb"]
[Black "olimpioMD"]
[Result "1-0"]
[ICCResult "Black checkmated"]
[WhiteElo "1723"]
[BlackElo "1411"]
[Opening "Queen's bishop game"]
[ECO "D02"]
[NIC "QP.06"]
[Time "19:48:49"]
[TimeControl "180+0"]

1. d4 Nf6 2. Nf3 d5 3. Bf4 Bf5 4. e3 e6 5. a3 Nc6 6. c4 Be7 7. Nc3 O-O 8.
Be2 Ne4 9. O-O Nxc3 10. bxc3 b6 11. cxd5 Qxd5 12. c4 Qd8 13. Qa4 Nb8 14. Ne5
a5 15. Bf3 Ra7 16. Rfd1 Bd6 17. Rac1 Qe8 18. Qb3 Qd8 19. h3 h6 20. a4 Kh8
21. c5 bxc5 22. dxc5 Bxh3 23. gxh3 Qh4 24. cxd6 Qxh3 25. Bg2 Qh4 26. dxc7
Na6 27. c8=Q Rxc8 28. Rxc8+ Kh7 29. Qc2+ g6 30. Bg3 Qg5 31. Bf4 Qh4 32. Nf3
Qg4 33. Qc3 Nb4 34. Qh8# {Black checkmated} 1-0

[Event "ICC Open 2015"]
[Site "Internet Chess Club"]
[Date "2015.05.29"]
[Round "4"]
[White "capatal1"]
[Black "franco"]
[Result "1-0"]
[ICCResult "Black checkmated"]
[WhiteElo "1485"]
[BlackElo "1301"]
[Opening "Modern defense"]
[ECO "A40"]
[NIC "QO.17"]
[Time "19:49:23"]
[TimeControl "180+0"]

1. d4 g6 2. Nf3 Bg7 3. Bg5 d6 4. e3 Nf6 5. Bd3 e6 6. h3 O-O 7. Nbd2 Nbd7 8.
O-O c6 9. Re1 Qc7 10. Bf4 Nd5 11. Bh2 Re8 12. c3 e5 13. dxe5 dxe5 14. a3 f6
15. c4 Ne7 16. b4 Kh8 17. Qc2 Ng8 18. Ne4 f5 19. Neg5 e4 20. Nf7#
{Black checkmated}
1-0

[Event "ICC Open 2015"]
[Site "Internet Chess Club"]
[Date "2015.05.29"]
[Round "4"]
[White "LooneyBinJim"]
[Black "Supermodel"]
[Result "0-1"]
[ICCResult "White resigns"]
[WhiteElo "1704"]
[BlackElo "2248"]
[Opening "French: Tarrasch, closed variation"]
[ECO "C05"]
[NIC "FR.16"]
[Time "19:50:29"]
[TimeControl "180+0"]

1. e4 e6 2. d4 d5 3. Nd2 Nf6 4. e5 Nfd7 5. f4 c5 6. Ngf3 Nc6 7. Bb5 cxd4 8.
Nxd4 Nxd4 9. Bxd7+ Bxd7 10. c3 Nf5 11. Nf3 Qb6 {White resigns} 0-1

[Event "ICC Open 2015"]
[Site "Internet Chess Club"]
[Date "2015.05.29"]
[Round "4"]
[White "Piranha"]
[Black "fundador"]
[Result "1-0"]
[ICCResult "Black resigns"]
[WhiteElo "1792"]
[BlackElo "1395"]
[Opening "Vienna game, Max Lange defense"]
[ECO "C25"]
[NIC "VG.04"]
[Time "19:49:09"]
[TimeControl "180+0"]

1. e4 e5 2. Nc3 Nc6 3. Bc4 Bb4 4. Nge2 Nf6 5. a3 Bxc3 6. Nxc3 O-O 7. d3 Na5
8. Ba2 c6 9. f4 d5 10. fxe5 dxe4 11. exf6 exd3 12. O-O dxc2 13. Qxc2 Qb6+
14. Kh1 g6 15. Bh6 Bf5 16. Rxf5 gxf5 17. Qxf5 Qd4 18. Qg5+ {Black resigns}
1-0

[Event "ICC Open 2015"]
[Site "Internet Chess Club"]
[Date "2015.05.29"]
[Round "4"]
[White "Werewolf"]
[Black "Darnoc"]
[Result "0-1"]
[ICCResult "White resigns"]
[WhiteElo "2236"]
[BlackElo "3009"]
[Opening "French: Tarrasch, open variation"]
[ECO "C07"]
[NIC "FR.18"]
[Time "19:49:10"]
[TimeControl "180+0"]

1. e4 e6 2. d4 d5 3. Nd2 c5 4. Ngf3 cxd4 5. exd5 Qxd5 6. Bc4 Qd6 7. Nb3 Qb4+
8. Nfd2 Nc6 9. O-O Nf6 10. a3 Qa4 11. Qe2 a6 12. Nf3 Bd7 13. Bg5 Be7 14.
Rfd1 Rc8 15. Bxf6 Bxf6 16. Nc5 Qa5 17. Nxd7 Kxd7 18. c3 Kc7 19. b4 Qb6 20.
cxd4 Nxd4 21. Nxd4 Bxd4 22. Rac1 Kb8 23. h3 Rhd8 24. Bd3 Rxc1 25. Rxc1 Bxf2+
26. Qxf2 Qxf2+ 27. Kxf2 Rxd3 28. a4 Rd4 29. Rb1 Kc7 30. Rb3 b5 31. a5 Kd6
32. Ke3 e5 33. Rd3 Rxd3+ 34. Kxd3 Kd5 35. g4 f6 36. h4 g6 {White resigns}
0-1

[Event "ICC Open 2015"]
[Site "Internet Chess Club"]
[Date "2015.05.29"]
[Round "4"]
[White "FedoseevVl95"]
[Black "KM-SKOCB"]
[Result "0-1"]
[ICCResult "White checkmated"]
[WhiteElo "3050"]
[BlackElo "2705"]
[Opening "Sicilian: Najdorf, Opocensky variation"]
[ECO "B92"]
[NIC "SI.11"]
[Time "19:48:55"]
[TimeControl "180+0"]

1. e4 c5 2. Nf3 d6 3. d4 cxd4 4. Nxd4 Nf6 5. Nc3 a6 6. Be2 e5 7. Nb3 Be7 8.
O-O O-O 9. Be3 Be6 10. Qd3 Nbd7 11. Nd5 Bxd5 12. exd5 Qc8 13. c4 Bd8 14.
Rac1 Bb6 15. Bxb6 Nxb6 16. Rfd1 Nbd7 17. Qe3 b6 18. Nd2 a5 19. Nb1 Nc5 20.
Nc3 a4 21. Nb5 Qd8 22. f4 Re8 23. f5 Qd7 24. g4 h6 25. Kh1 Nh7 26. Rg1 e4
27. Rcf1 Ng5 28. f6 Re5 29. fxg7 Rae8 30. h4 Nh7 31. Qxh6 Nd3 32. g5 Qh3#
{White checkmated}
0-1

[Event "ICC Open 2015"]
[Site "Internet Chess Club"]
[Date "2015.05.29"]
[Round "4"]
[White "Dewey"]
[Black "hatorade"]
[Result "0-1"]
[ICCResult "White resigns"]
[WhiteElo "1346"]
[BlackElo "1881"]
[Opening "Nimzo-Indian defense"]
[ECO "E20"]
[NIC "NI.30"]
[Time "19:48:22"]
[TimeControl "180+0"]

1. d4 Nf6 2. c4 e6 3. Nc3 Bb4 4. Bd2 O-O 5. e3 Qe7 6. Bd3 d6 7. Nge2 Nc6 8.
O-O Bxc3 9. Nxc3 e5 10. d5 e4 11. dxc6 exd3 12. Nd5 Nxd5 13. cxd5 bxc6 14.
dxc6 Bf5 15. Bc3 Qg5 16. Qd2 Bh3 17. f3 Rfe8 18. Rae1 Rab8 19. Rf2 Be6 20.
Qxd3 Bxa2 21. e4 Qc5 22. Qd5 Bxd5 23. exd5 {White resigns} 0-1

[Event "ICC Open 2015"]
[Site "Internet Chess Club"]
[Date "2015.05.29"]
[Round "4"]
[White "BlitzPawn94"]
[Black "EREBUNI"]
[Result "0-1"]
[ICCResult "White resigns"]
[WhiteElo "2723"]
[BlackElo "3026"]
[Opening "Nimzovich-Larsen attack: Indian variation"]
[ECO "A01"]
[NIC "VO.08"]
[Time "19:48:20"]
[TimeControl "180+0"]

1. b3 Nf6 2. Bb2 b6 3. Nf3 Bb7 4. g3 e6 5. Bg2 Be7 6. O-O O-O 7. d3 d5 8.
Nbd2 Nbd7 9. Qe1 c5 10. e3 Qc7 11. e4 dxe4 12. Nxe4 Nxe4 13. dxe4 Rfd8 14.
Rd1 Nf6 15. Nd2 Rd7 16. Qe2 Rad8 17. e5 Bxg2 18. Kxg2 Ng4 19. Nc4 Qc6+ 20.
Kg1 Rxd1 21. Rxd1 Rxd1+ 22. Qxd1 Qh1+ 23. Kxh1 Nxf2+ 24. Kg2 Nxd1 25. Ba1 b5
26. Nd6 Ne3+ 27. Kf3 Nxc2 28. Bc3 a6 29. Ne8 Bd8 30. Ke4 Kf8 31. Nd6 Ke7 32.
Nb7 Bb6 33. Kd3 Nb4+ 34. Bxb4 cxb4 35. Ke4 f5+ 36. exf6+ gxf6 37. g4 Kd7 38.
g5 fxg5 39. Ke5 Kc6 40. Nd6 Bc7 {White resigns} 0-1

[Event "ICC Open 2015"]
[Site "Internet Chess Club"]
[Date "2015.05.29"]
[Round "4"]
[White "lsokol"]
[Black "youngjp"]
[Result "1-0"]
[ICCResult "Black resigns"]
[WhiteElo "2349"]
[BlackElo "1952"]
[Opening "Dutch"]
[ECO "A80"]
[NIC "HD.12"]
[Time "19:48:58"]
[TimeControl "180+0"]

1. d4 f5 2. Nc3 Nf6 3. Bg5 e6 4. e4 fxe4 5. Nxe4 Be7 6. Bxf6 Bxf6 7. Qh5+ g6
8. Qh6 Bxd4 9. O-O-O Bf6 10. h4 Qe7 11. h5 Bg7 12. Qf4 d5 13. h6 dxe4 14.
hxg7 Qxg7 15. Nh3 Rf8 16. Qxe4 Nc6 17. Bb5 Bd7 18. Ng5 O-O-O 19. Rxh7 Qf6
20. f4 Qxf4+ 21. Qxf4 Rxf4 22. Bxc6 Bxc6 23. Rxd8+ {Black resigns} 1-0

[Event "ICC Open 2015"]
[Site "Internet Chess Club"]
[Date "2015.05.29"]
[Round "4"]
[White "dietcoke"]
[Black "siso"]
[Result "1-0"]
[ICCResult "Black resigns"]
[WhiteElo "2159"]
[BlackElo "1672"]
[Opening "Sicilian: dragon, Yugoslav attack, Rauser variation"]
[ECO "B76"]
[NIC "SI.17"]
[Time "19:48:42"]
[TimeControl "180+0"]

1. e4 c5 2. Nf3 d6 3. d4 cxd4 4. Nxd4 Nf6 5. Nc3 g6 6. Be3 Bg7 7. f3 Nc6 8.
Qd2 O-O 9. O-O-O Bd7 10. Kb1 Qa5 11. Nb3 Qd8 12. g4 h5 13. h3 a5 14. a4 Ne5
15. Be2 Qc7 16. Bh6 Nc4 17. Bxc4 Qxc4 18. Bxg7 Kxg7 19. e5 Ne8 20. gxh5 Rh8
21. hxg6 fxg6 22. Rhg1 Rh5 23. Qg2 Bf5 24. Nd4 Qf7 25. e6 Qf6 26. Nd5 Qe5
27. Nxe7 Kh7 28. Ndxf5 Rxf5 29. Qxg6+ {Black resigns} 1-0

[Event "ICC Open 2015"]
[Site "Internet Chess Club"]
[Date "2015.05.29"]
[Round "4"]
[White "born2die"]
[Black "weezil"]
[Result "0-1"]
[ICCResult "White resigns"]
[WhiteElo "1689"]
[BlackElo "1957"]
[Opening "Robatsch (modern) defense"]
[ECO "B06"]
[NIC "KF.06"]
[Time "19:48:56"]
[TimeControl "180+0"]

1. e4 g6 2. f4 Bg7 3. Nf3 c5 4. d3 Nc6 5. Be2 b6 6. O-O Bb7 7. h3 e6 8. c3
Nge7 9. Na3 O-O 10. Nc2 d5 11. e5 f6 12. d4 cxd4 13. cxd4 fxe5 14. fxe5 Qd7
15. Bg5 h6 16. Bh4 Nf5 17. Bf2 Kh7 18. g4 Nfe7 19. Bd3 a5 20. Nh4 Ba6 21.
Bxa6 Rxa6 22. Qd3 Raa8 23. Be3 Rae8 24. Rac1 Nd8 25. Bd2 Nf7 26. Na3 Nh8 27.
Nb5 Rxf1+ 28. Rxf1 Rf8 29. Rc1 Ng8 30. Rc7 Qd8 31. Qc2 Qxh4 32. Qd3 Qf2+ 33.
Kh1 Rf3 {White resigns} 0-1

[Event "ICC Open 2015"]
[Site "Internet Chess Club"]
[Date "2015.05.29"]
[Round "4"]
[White "rookfish"]
[Black "cristoforo"]
[Result "0-1"]
[ICCResult "White resigns"]
[WhiteElo "1061"]
[BlackElo "1429"]
[Opening "King's Indian: fianchetto without c4"]
[ECO "A49"]
[NIC "QP.06"]
[Time "19:48:56"]
[TimeControl "180+0"]

1. d4 Nf6 2. Nf3 g6 3. g3 Bg7 4. Bg2 O-O 5. O-O d5 6. b3 c6 7. Nc3 Nbd7 8.
Re1 Re8 9. e4 dxe4 10. Nxe4 Nxe4 11. Rxe4 Nf6 12. Rf4 Bg4 13. Qd3 Bxf3 14.
Bxf3 Nd5 15. Rxf7 Kxf7 16. Bxd5+ Qxd5 17. Qe3 Qxd4 18. Qf3+ Qf6 19. Qd3 Qxa1
20. Qc4+ Kf8 21. Qf4+ Kg8 22. Kg2 Qe5 23. Qc4+ Kh8 24. Be3 Qd5+ 25. Qxd5
cxd5 26. f4 d4 27. Bf2 Rac8 28. c3 Rxc3 29. Be1 Rc2+ 30. Kh3 Rxa2 31. Bb4 d3
32. Kg4 d2 33. Bxd2 Rxd2 34. h4 h5+ 35. Kg5 Kh7 36. f5 Rf2 37. fxg6+ Kg8 38.
Kxh5 Rd8 39. g4 Rd5+ 40. g5 Rxg5+ 41. hxg5 e6 42. Kg4 e5 43. Kg3 Rf1 44. Kg4
e4 45. Kg3 e3 46. Kg4 e2 {White resigns} 0-1

[Event "ICC Open 2015"]
[Site "Internet Chess Club"]
[Date "2015.05.29"]
[Round "4"]
[White "Theunrock"]
[Black "orak"]
[Result "1-0"]
[ICCResult "Black checkmated"]
[WhiteElo "1926"]
[BlackElo "1582"]
[Opening "Alekhine's defense: Maróczy variation"]
[ECO "B02"]
[NIC "AL.10"]
[Time "19:48:37"]
[TimeControl "180+0"]

1. e4 Nf6 2. d3 d5 3. exd5 Nxd5 4. Qe2 Nc6 5. c3 Bf5 6. Nf3 e6 7. Nbd2 Be7
8. g3 O-O 9. Bg2 Bf6 10. h3 Nb6 11. Ne4 Bxe4 12. dxe4 Qd7 13. O-O Rad8 14.
Be3 g6 15. Rfd1 Qe7 16. b4 a6 17. Bc5 Rxd1+ 18. Rxd1 Qe8 19. Bxf8 Qxf8 20.
e5 Bg7 21. a3 a5 22. Qe3 axb4 23. axb4 Qe7 24. b5 Nc4 25. Qe2 N6xe5 26. Nxe5
Nxe5 27. Bxb7 Qf6 28. Qd2 Nf3+ 29. Bxf3 Qxf3 30. Qd3 Qb7 31. Qd7 Bf6 32.
Qe8+ Kg7 33. Rd7 Qxb5 34. Qxf7+ Kh6 35. Qxh7+ Kg5 36. Qh4+ Kf5 37. Qf4#
{Black checkmated}
1-0

[Event "ICC Open 2015"]
[Site "Internet Chess Club"]
[Date "2015.05.29"]
[Round "4"]
[White "FlyAway"]
[Black "CapilanoBridge"]
[Result "1-0"]
[ICCResult "Black checkmated"]
[WhiteElo "2929"]
[BlackElo "3142"]
[Opening "Owen defense"]
[ECO "B00"]
[NIC "VO.03"]
[Time "19:48:25"]
[TimeControl "180+0"]

1. e4 b6 2. d4 Bb7 3. Bd3 e6 4. Nf3 d5 5. Nc3 Bb4 6. exd5 Qxd5 7. O-O Qh5 8.
Be4 Bxe4 9. Nxe4 Be7 10. c4 Nf6 11. Qa4+ c6 12. Ng3 Qa5 13. Qxa5 bxa5 14. b3
Nbd7 15. Bd2 Bb4 16. Bxb4 axb4 17. a3 bxa3 18. Rxa3 Ke7 19. Rfa1 Rhb8 20.
Nd2 Rb7 21. Ra5 g6 22. Ne2 Ne8 23. Nc3 Nd6 24. Ra6 c5 25. d5 e5 26. g3 f5
27. Rc6 Rc8 28. Raa6 Nb6 29. Na4 Rxc6 30. dxc6 Rc7 31. Nxc5 Rxc6 32. Rxa7+
Kf6 33. Na6 Ndc8 34. Rxh7 Rd6 35. Nf1 Nxc4 36. bxc4 Rxa6 37. Ne3 Nd6 38.
Nd5+ Kg5 39. h4+ Kg4 40. Kg2 f4 41. f3+ Kf5 42. g4+ Ke6 43. Re7#
{Black checkmated}
1-0

[Event "ICC Open 2015"]
[Site "Internet Chess Club"]
[Date "2015.05.29"]
[Round "4"]
[White "JCarllsen"]
[Black "Bagelhead"]
[Result "0-1"]
[ICCResult "White resigns"]
[WhiteElo "1844"]
[BlackElo "2333"]
[Opening "Two knights defense"]
[ECO "C56"]
[NIC "KP.02"]
[Time "19:49:12"]
[TimeControl "180+0"]

1. e4 e5 2. Nf3 Nc6 3. Bc4 Nf6 4. d4 exd4 5. O-O Nxe4 6. Re1 d5 7. Bxd5 Qxd5
8. Nc3 Qa5 9. Nxe4 Be6 10. Neg5 O-O-O 11. Nxe6 fxe6 12. Rxe6 Bd6 13. Bg5
Rdf8 14. Bh4 Qd5 15. Re1 h6 16. Bg3 Kb8 17. a3 a6 18. Qd3 g5 19. Bxd6 Qxd6
20. Rad1 Rd8 21. c3 dxc3 22. Qxd6 Rxd6 23. Rxd6 cxd6 24. bxc3 Kc7 25. Re6
Kd7 26. Rg6 Ne7 27. Rg7 Ke6 {White resigns} 0-1

[Event "ICC Open 2015"]
[Site "Internet Chess Club"]
[Date "2015.05.29"]
[Round "4"]
[White "saya"]
[Black "chessrex"]
[Result "0-1"]
[ICCResult "White resigns"]
[WhiteElo "2535"]
[BlackElo "2136"]
[Opening "Queen's pawn: Charlick (Englund) gambit"]
[ECO "A40"]
[NIC "QO.17"]
[Time "19:48:52"]
[TimeControl "180+0"]

1. d4 e5 2. dxe5 Nc6 3. Nf3 Nge7 4. Bf4 Ng6 5. Bg3 Qe7 6. Nc3 Qb4 7. Qd2
Qxb2 8. Rb1 Qa3 9. Nb5 Qxa2 10. Rd1 Qb2 11. Nxc7+ Kd8 12. Nd5 Nb4 13. Ne3
Bc5 14. Nd4 a5 15. f4 a4 16. f5 a3 17. fxg6 a2 18. Nb3 Bxe3 19. Qxb4 a1=Q
20. Bh4+ f6 21. Qd6 Qc3+ {White resigns} 0-1

[Event "ICC Open 2015"]
[Site "Internet Chess Club"]
[Date "2015.05.29"]
[Round "4"]
[White "croder"]
[Black "paraguayo"]
[Result "0-1"]
[ICCResult "White checkmated"]
[WhiteElo "1537"]
[BlackElo "1762"]
[Opening "Vienna game, Max Lange defense"]
[ECO "C25"]
[NIC "VG.04"]
[Time "19:48:33"]
[TimeControl "180+0"]

1. e4 e5 2. Nc3 Nc6 3. d3 Nf6 4. Nf3 Be7 5. Bd2 d6 6. Qe2 O-O 7. O-O-O Bg4
8. Kb1 a5 9. h3 Be6 10. g4 Nb4 11. Ng5 Bd7 12. Nf3 c6 13. g5 Nh5 14. h4 Nf4
15. Bxf4 exf4 16. a3 Na6 17. Bh3 b5 18. Bxd7 Qxd7 19. h5 b4 20. Na2 bxa3 21.
b3 a4 22. b4 c5 23. c3 Rab8 24. Qd2 cxb4 25. cxb4 d5 26. Ka1 Nxb4 27. Nxb4
Bxb4 28. Qc2 Rfc8 29. Qxc8+ Qxc8 30. Rc1 Bc3+ 31. Ka2 Rb2+ 32. Kxa3 Qc5+ 33.
Kxa4 Qb4# {White checkmated} 0-1

[Event "ICC Open 2015"]
[Site "Internet Chess Club"]
[Date "2015.05.29"]
[Round "4"]
[White "WayTooRighteous"]
[Black "Cramagica"]
[Result "1-0"]
[ICCResult "Black checkmated"]
[WhiteElo "1893"]
[BlackElo "1218"]
[Opening "Dutch: stonewall with Nc3"]
[ECO "A85"]
[NIC "HD.05"]
[Time "19:48:46"]
[TimeControl "180+0"]

1. d4 f5 2. c4 Nf6 3. Nc3 e6 4. g3 Be7 5. Bg2 O-O 6. Nf3 c6 7. O-O d5 8.
cxd5 cxd5 9. Bf4 Nc6 10. Rc1 Bd7 11. Ne5 Ne4 12. Nb5 Nxe5 13. Nc7 Rc8 14.
Bxe5 Bd6 15. Bxe4 Bxe5 16. dxe5 fxe4 17. Nxd5 exd5 18. Qxd5+ Kh8 19. Rcd1
Bc6 20. Qe6 Qe8 21. Qd6 Rd8 22. Qc5 a6 23. e3 Rxd1 24. Rxd1 Qf7 25. Rd2 Qxa2
26. Qxf8+ Qg8 27. Rd8 Qxf8 28. Rxf8# {Black checkmated} 1-0